 Dungeon Crawl Stone Soup version 0.28.0-53-g5a82cb258f (webtiles) character file.

Game seed: 539563313934947122

205 Tirrikindir the Ruffian (level 5, -5/53 HPs)
             Began as a Troll Fighter on Aug 12, 2022.
             Was a Believer of Wu Jian.
             Slain by Sigmund
             ... wielding a +4 scythe of venom
              (9 damage)
             ... on level 3 of the Dungeon.
             The game lasted 00:06:22 (2568 turns).

Tirrikindir the Ruffian (Troll Fighter)             Turns: 2568, Time: 00:06:23

Health: -5/53      AC:  4    Str: 24    XL:     5   Next: 52%
Magic:  4/4        EV:  9    Int:  4    God:    Wu Jian [**....]
Gold:   76         SH:  8    Dex:  9    Spells: 4/4 levels left

rFire   . . .      SeeInvis .     - Unarmed
rCold   . . .      Faith    .   b - +1 kite shield
rNeg    . . .      Spirit   .   a - +0 robe
rPois   .          Reflect  .   (helmet restricted)
rElec   .          Harm     .   (no cloak)
rCorr   .          Rampage  .   (gloves unavailable)
Will    .....      Clarity  +   (boots unavailable)
Stlth   +.........              (no amulet)
HPRegen 0.97/turn               (no ring)
MPRegen 0.09/turn               (no ring)

@: lethally poisoned (-5 -> -5)
A: large, unfitting armour, claws 3, regeneration 1, shaggy fur 1, tough skin 1,
clarity, clumsy 1
a: Renounce Religion, Wall Jump


You were on level 3 of the Dungeon.
You worshipped Wu Jian.
Wu Jian was pleased with you.
You visited 1 branch of the dungeon, and saw 3 of its levels.

You collected 76 gold pieces.

Inventory:

Hand Weapons
 g - a +2 short sword of draining
Armour
 a - a +0 robe (worn)
 b - a +1 kite shield (worn)
Jewellery
 e - a ring of fire
Wands
 c - a wand of charming (9)
Scrolls
 f - a scroll of immolation
 h - 2 scrolls of teleportation
 i - a scroll of fear
 j - a scroll of holy word {unknown}


   Skills:
 + Level 3.1 Fighting
 + Level 3.2 Dodging
 + Level 3.1 Shields
 * Level 3.9 Unarmed Combat
 + Level 0.0 Evocations


You had 4 spell levels left.
You didn't know any spells.
Your spell library contained the following spells:

 Spells                   Type           Power      Damage    Failure   Level
 Scorch                   Fire           0%         2d5       90%         2
 Confusing Touch          Hex            0%         N/A       99%         3
 Flame Wave               Conj/Fire      0%         2d4       100%        4
 Yara's Violent Unravell  Hex/Tmut       0%         3d3       100%        5
 Summon Cactus Giant      Summ           0%         N/A       100%        6
 Enfeeble                 Hex            0%         N/A       100%        7


Dungeon Overview and Level Annotations

Branches:
Dungeon (3/15)

Altars:
Okawaru
Wu Jian

Annotations:
D:3 Sigmund


Innate Abilities, Weirdness & Mutations

You are too large for most types of armour.
You have claws for hands.
Your natural rate of healing is unusually fast.
You are covered in fur. (AC +1)
You have tough skin. (AC +1)
You possess an exceptional clarity of mind.
You are clumsy. (Dex -2)


Message History

You feel sick. The bat closely misses you. You block Sigmund's attack.
You claw Sigmund!
Sigmund is heavily wounded.
You feel sick. The bat closely misses you.
Sigmund casts a spell.
Sigmund flickers and vanishes!
Deactivating autopickup; reactivate with Ctrl-A.
The bat hits you.
You miss something.
You feel sick. You block the bat's attack. Something hits you!
You are more poisoned.
You closely miss something.
You feel very sick. The bat barely misses you.
A ball python comes into view.
Something hits you!
You barely miss something.
You feel very sick. The bat barely misses you.
You closely miss something.
You feel very sick. The bat hits you but does no damage.
You hear some strange, mumbled words.
You feel momentarily confused.
You feel better.
The ball python hisses angrily.
The bat barely misses you. Something hits you!
* * * LOW HITPOINT WARNING * * *
You are poisoned.
You block the bat's attack.
Unknown command.
Aiming: Charm
Press: ? - help, Shift-Dir - straight line Nothing appears to happen.
You feel very sick. The bat barely misses you. You block something's attack.
You closely miss something.
You feel sick. The bat closely misses you.
You barely miss something.
You feel sick. The bat barely misses you. Something hits you!
You die...

...## . .... .
... .#
#####..##.#
##......#...
##.....#..#
#......b.#
#....).@{##
#.........#
###.....##.....
##......##
.#...#
##......####.#
.## .##...#
#...........J# #
..#...#.
##..............
#......
#.........#####.
......
##.......##
#...#


You could see a bat.

Vanquished Creatures
  An ogre (D:3)
  Ijyb (D:3)
  Robin (D:3)
  An adder (D:2)
  A worm (D:2)
  A dart slug (D:1)
  An orc (D:3)
  4 endoplasms
  2 giant cockroaches (D:1)
  11 goblins
  8 hobgoblins
  9 jackals
  2 quokkas
  7 ball pythons
  2 bats (D:1)
  4 frilled lizards
  9 kobolds
  7 rats
72 creatures vanquished.

Vanquished Creatures (others)
  11 fungi (D:1)
  11 plants (D:1)
22 creatures vanquished.

Grand Total: 94 creatures vanquished

Notes
Turn   | Place    | Note
-------+----------+-------------------------------------------
     0 | D:1      | Tirrikindir the Troll Fighter began the quest for the Orb.
     0 | D:1      | Reached XP level 1. HP: 22/22 MP: 0/0
   248 | D:1      | Reached XP level 2. HP: 29/29 MP: 1/1
   425 | D:1      | Reached XP level 3. HP: 36/36 MP: 2/2
   569 | D:1      | Found a faded altar of an unknown god.
   580 | D:1      | Prayed at the altar of an unknown god.
   580 | D:1      | Became a worshipper of the Wu Jian Council
   580 | D:1      | Reached * piety under Wu Jian
  1368 | D:2      | Identified the +2 ring mail of the Imp {rF+ rCorr Dex+3
                  | Slay-2}
  2084 | D:3      | Found an iron altar of Okawaru.
  2094 | D:3      | Identified the +6 hand axe "Fidovo" {holy, rN++ Dex-3}
  2158 | D:3      | Gained mutation: You possess an exceptional clarity of
                  | mind. [potion of mutation]
  2158 | D:3      | Gained mutation: You are clumsy. (Dex -2) [potion of
                  | mutation]
  2249 | D:3      | Reached XP level 4. HP: 44/44 MP: 3/3
  2257 | D:3      | Noticed Robin
  2260 | D:3      | Reached ** piety under Wu Jian
  2281 | D:3      | Killed Robin
  2342 | D:3      | Noticed an ogre
  2358 | D:3      | Killed an ogre
  2359 | D:3      | Reached XP level 5. HP: 20/53 MP: 4/4
  2481 | D:3      | Noticed Ijyb
  2502 | D:3      | Killed Ijyb
  2552 | D:3      | Noticed Sigmund
  2568 | D:3      | Slain by Sigmund

Illustrated notes

Levels and vault maps discovered:
D:1:      dpeg_arrival_water_fire, layout_loops_ring, basic_ecumenical_altar,
          hangedman_decor_clover_reticule, grunt_decor_one_mirror,
          chequers_big_river, minmay_misc_feat_more_columns
D:2:      layout_basic, roderic_lattice_a, serial_park_tiny_pond, hex_medium
D:3:      minmay_diamond_boxcup, layout_loops_ring, okawaru_trees_1,
          st_stairs_4, minmay_ruptured, uniq_ijyb, uniq_robin, uniq_sigmund

Skill      XL: |  1  2  3  4 |
---------------+-------------+-----
Unarmed Combat | 3 |  3.9
Fighting       | 3 |  3.1
Dodging        | 3 |  3.2
Shields        | 3 |  3.1

Action                   |  1- 3 |  4- 6 || total
-------------------------+-------+-------++-------
Melee: Unarmed           |   159 |    90 ||   249
Invok: Lunge             |     6 |     5 ||    11
       Whirlwind         |     3 |     3 ||     6
Evoke: Wand              |       |     1 ||     1
  Use: Scroll            |     8 |       ||     8
       Potion            |     1 |     2 ||     3
 Stab: Sleeping          |     1 |       ||     1
Armor: Robe              |    42 |    19 ||    61
Dodge: Dodged            |    52 |    34 ||    86
Block: Kite shield       |    59 |    32 ||    91
